 Dungeon Crawl Stone Soup version 0.24-a0-201-gf205589 (console) character file.

Game seed: 15815085472440123439

9691 Zy the Cleaver (level 11, -10/97 HPs)
             Began as a Naga Warper on Mar 22, 2019.
             Was an Elder of Okawaru.
             Mangled by a crocodile (16 damage)
             ... on level 1 of the Lair of Beasts.
             The game lasted 01:01:15 (14965 turns).

Zy the Cleaver (Naga Warper)                       Turns: 14965, Time: 01:01:15

Health: -10/97     AC: 14    Str: 20    XL:     11   Next: 50%
Magic:  12/23      EV: 10    Int: 17    God:    Okawaru [****..]
Gold:   619        SH:  0    Dex: 10    Spells: 2/14 levels left

rFire    + . .     SeeInvis +   a - +0 war axe
rCold    . . .     Gourm    .   (no shield)
rNeg     + . .     Faith    .   D - +4 ring mail of the Beggar {Str+6}
rPois    +         Spirit   .   u - +0 helmet
rElec    .         Reflect  .   F - -2 cloak of Emi Cuwi {rF+ rN+}
rCorr    .         Harm     .   X - +1 pair of gloves
MR       +....                  (no barding)
Stlth    ..........             (no amulet)
HPRegen  0.26/turn              L - ring of magical power
MPRegen  0.18/turn              w - ring of wizardry

@: very slow
A: large, see invisible, deformed body, poison resistance, slowness 2, slow
metabolism 1, spit poison 1, AC +3
a: Spit Poison, Heroism, Renounce Religion


You were on level 1 of the Lair of Beasts.
You worshipped Okawaru.
Okawaru was greatly pleased with you.
You were near starving.

You visited 3 branches of the dungeon, and saw 13 of its levels.

You collected 619 gold pieces.

Inventory:

Hand Weapons
 a - a +0 war axe (weapon)
 b - a +0 hunting sling
 c - a +0 blowgun
 s - a +0 longbow
 x - a +1 short sword of holy wrath
 I - a +1 spear of venom
Missiles
 n - 63 poisoned needles
 o - 90 sling bullets {=g}
 y - 35 stones (quivered)
 B - 7 arrows
 H - 24 bolts
 J - 4 curare-tipped needles
Armour
 e - a +1 leather armour of poison resistance
 l - a scarf of cloud immunity
 u - a +0 helmet (worn)
 D - the +4 ring mail of the Beggar (worn) {Str+6}
   (You took it off an orc on level 4 of the Dungeon)

   It affects your strength (+6).
 F - the -2 cloak of Emi Cuwi (worn) {rF+ rN+}
   (You found it on level 4 of the Dungeon)

   It protects you from fire.
   It protects you from negative energy.
 X - a +1 pair of gloves (worn)
Jewellery
 g - a +2 ring of protection
 w - a ring of wizardry (right hand)
 L - a ring of magical power (left hand)
 O - an uncursed ring of resist corrosion
Wands
 A - a wand of random effects (10)
 W - a wand of digging (4)
Scrolls
 d - 5 scrolls of blinking
 h - 5 scrolls of magic mapping
 j - 10 scrolls of remove curse
 k - 3 scrolls of fog
 q - 2 scrolls of teleportation {unknown}
 t - a scroll of noise {unknown}
 z - a scroll of enchant weapon {unknown}
 E - a scroll of enchant armour
Potions
 i - 4 potions of degeneration {unknown}
 p - a potion of might
 r - 5 potions of flight {unknown}
 v - a potion of heal wounds
 C - 5 potions of curing
 G - a potion of agility
 T - a potion of cancellation
 V - a potion of magic
 Y - 2 potions of resistance
Miscellaneous
 m - a fan of gales
Comestibles
 f - 11 rations


   Skills:
 + Level 5.6 Fighting
 * Level 12.3 Axes
 - Level 2.0 Throwing
 + Level 5.3 Armour
 + Level 3.6 Dodging
 - Level 2.0 Spellcasting
 - Level 9.0 Translocations


You had 2 spell levels left.
You knew the following spells:

 Your Spells              Type           Power        Failure   Level  Hunger
b - Blink                 Tloc           N/A          1%          2    ###....
e - Teleport Other        Tloc           ####....     1%          3    ###....
g - Shroud of Golubria    Chrm/Tloc      ###.......   3%          2    ###....
t - Confusing Touch       Hex            #.....       12%         1    #......
G - Passage of Golubria   Tloc           N/A          3%          4    #####..

Your spell library contained the following spells:

 Spells                   Type           Power        Failure   Level  Hunger
 Gell's Gravitas          Tloc           ####......   1%          3    ###....
 Lesser Beckoning         Tloc           ####......   1%          3    ###....
 Confuse                  Hex            #.......     34%         3    ###....
 Petrify                  Tmut/Erth      #.......     73%         4    #####..
 Metabolic Englaciation   Hex/Ice        #.........   96%         5    ######.
 Yara's Violent Unravell  Hex/Tmut       #.........   96%         5    ######.


Dungeon Overview and Level Annotations

Branches:
Dungeon (11/15)            Temple (1/1) D:6            Lair (1/6) D:9
    Orc: D:9-12

Altars:
Ashenzari
Cheibriados
Dithmenos
Elyvilon
Fedhas
Gozag
Hepliaklqana
Kikubaaqudgha
Makhleb
Nemelex Xobeh
Okawaru
Qazlal
Ru
Sif Muna
Trog
Uskayaw
Vehumet
Wu Jian
Xom
Yredelemnul
Zin
The Shining One

Shops:
D:4 }[:=[

Annotations:
D:8 3 runed translucent doors, OOTN's ghost, novice TrMo; sugabear's ghost, novice GnTm
D:9 4 exclusions
D:11 Snorg


Innate Abilities, Weirdness & Mutations

You cannot wear boots.
Your serpentine skin is tough. (AC +3)
You have supernaturally acute eyesight. (SInv)
Armour fits poorly on your strangely shaped body.
Your system is resistant to poisons. (rPois)
You cover ground very slowly.
You have a slow metabolism.
You can spit poison.


Message History

Unknown command.
Unknown command.
Saving game... please wait.
Welcome back, Zy the Naga Warper.
Okawaru says: Bring me glory in combat!
Press ? for a list of commands and other information.
Cast which spell? (? or * to list)
Aiming: Teleport Other (safe; 1% risk of failure)
Press: ? - help, Shift-Dir - straight line, f - spiny frog
Aim: a spiny frog (severely wounded, chance to defeat MR: 71%)
The spiny frog looks slightly unstable.
The spiny frog stings you!
* * * LOW HITPOINT WARNING * * *
Unknown command.
Casting: Teleport Other (safe; 1% risk of failure)
Confirm with . or Enter, or press ? or * to list all spells.
You blink.
* * * LOW HITPOINT WARNING * * *
You feel sick.
You feel better.
The spiny frog disappears!
The crocodile bites you!
You die...

#........(.....................
#......(.......................
#.............................
#..#.##(##/.....#######P#.....
#. #....(#......# ### ###.....
#..#.....#..§..##.... #..<..
..P....(+..§....... ##....#
.......(...t...#... #......
.+.........@.## . ##.....
..#.....#.....# #.....#
........#.....# ######......
..#.....#...... ............
....#+..#....... ............
.... ........................
... ........................ ..
.........................
............


You could see a crocodile.

Vanquished Creatures
  3 two-headed ogres
  A troll (D:9)
  2 hippogriffs (D:10)
  A spriggan (D:7)
  A wraith (D:9)
  A wyvern (D:8)
  2 hungry ghosts (D:9)
  A basilisk (D:9)
  A steam dragon (D:9)
  3 yaks
  A water moccasin (Lair:1)
  4 porcupines (D:9)
  Duvessa (D:7)
  2 orc warriors
  4 ice beasts
  4 black bears
  7 ogres
  2 necrophages
  2 phantoms
  A centaur (D:7)
  5 wolves (D:9)
  7 crocodiles
  Blork the orc (D:4)
  2 big kobolds
  A gnoll sergeant (D:4)
  5 bullfrogs
  Dowan (D:6)
  A wyvern zombie (D:10)
  2 scorpions
  3 killer bees (D:6)
  An electric eel (D:9)
  A howler monkey (D:6)
  5 wights
  A crimson imp (D:7)
  2 bullfrog zombies
  A centaur zombie (D:6)
  A bullfrog skeleton (D:8)
  4 jellies
  3 orc priests
  3 hounds
  Terence (D:2)
  2 iguanas
  9 worker ants
  6 orc wizards
  A hound skeleton (D:7)
  A worker ant zombie (D:10)
  Robin (D:2)
  4 gnolls
  7 adders
  3 shadow imps
  An ooze (D:4)
  2 adder skeletons
  2 worms
  2 dart slugs
  3 leopard geckos
  21 orcs
  4 giant cockroaches
  14 goblins
  8 hobgoblins
  9 kobolds
  3 quokkas
  A ball python (D:4)
  6 bats
  7 frilled lizards
  A quokka skeleton (D:7)
  7 rats (D:1)
  A fungus (D:9)
221 creatures vanquished.

Vanquished Creatures (others)
  A bush (D:9)
  4 fungi (D:9)
  16 plants
21 creatures vanquished.

Grand Total: 242 creatures vanquished

Notes
Turn   | Place    | Note
-------+----------+-------------------------------------------
     0 | D:1      | Zy the Naga Warper began the quest for the Orb.
     0 | D:1      | Reached XP level 1. HP: 19/19 MP: 3/3
   385 | D:1      | Reached XP level 2. HP: 20/26 MP: 5/5
   389 | D:1      | Learned a level 2 spell: Blink
   392 | D:1      | Learned a level 2 spell: Shroud of Golubria
   563 | D:1      | Reached skill level 3 in Axes
  1164 | D:1      | Reached XP level 3. HP: 32/32 MP: 6/6
  1720 | D:2      | Noticed Terence
  1997 | D:2      | Reached skill level 4 in Axes
  2167 | D:2      | Found a white marble altar of Elyvilon.
  2229 | D:2      | Killed Terence
  2229 | D:2      | Reached XP level 4. HP: 39/39 MP: 7/7
  2370 | D:2      | Found a basalt altar of Yredelemnul.
  2425 | D:2      | Found a shattered altar of Ashenzari.
  2431 | D:2      | Noticed Robin
  2776 | D:1      | Learned a level 3 spell: Teleport Other
  2842 | D:2      | Killed Robin
  3394 | D:2      | Reached skill level 5 in Axes
  3394 | D:2      | Reached XP level 5. HP: 29/45 MP: 8/8
  3966 | D:3      | Found a blossoming altar of Fedhas.
  4055 | D:3      | Found a sacrificial altar of Ru.
  4056 | D:3      | Found a radiant altar of Vehumet.
  4397 | D:3      | Reached skill level 6 in Axes
  4397 | D:3      | Reached XP level 6. HP: 35/52 MP: 9/9
  4505 | D:4      | Found Xulliel's Gadget Shop.
  4562 | D:4      | Noticed a phantom
  4619 | D:4      | Killed a phantom
  4807 | D:4      | Found Wicon's Jewellery Emporium.
  4856 | D:4      | Reached skill level 7 in Axes
  4982 | D:4      | Found Egim's Book Boutique.
  5028 | D:4      | Found Asiapsa's Antique Armour Boutique.
  5078 | D:4      | Identified the +4 ring mail of the Beggar {Str+6}
  5137 | D:4      | Found Tebavaff's Armour Boutique.
  5158 | D:4      | Reached XP level 7. HP: 60/60 MP: 10/10
  5164 | D:4      | Got a polished cloak
  5175 | D:4      | Identified the cursed -2 cloak of Emi Cuwi {rF+ rN+} (You
                  | found it on level 4 of the Dungeon)
  5212 | D:4      | Noticed Blork the orc
  5223 | D:4      | Killed Blork the orc
  5450 | D:4      | Reached skill level 8 in Axes
  5644 | D:4      | Found a sparkling altar of Nemelex Xobeh.
  5731 | D:5      | Entered Level 5 of the Dungeon
  6143 | D:4      | Reached skill level 9 in Axes
  6143 | D:4      | Reached XP level 8. HP: 31/67 MP: 3/11
  6714 | D:5      | Found an ornate altar of the Wu Jian Council.
  6791 | D:5      | Learned a level 4 spell: Passage of Golubria
  7109 | D:6      | Reached skill level 10 in Axes
  7137 | D:6      | Found a shimmering altar of Xom.
  7251 | D:6      | Found a hide-covered altar of Uskayaw.
  7847 | D:5      | Reached skill level 5 in Translocations
  8017 | D:6      | Reached XP level 9. HP: 55/72 MP: 12/12
  8049 | D:6      | Found a deep blue altar of Sif Muna.
  8085 | D:6      | Found a glowing golden altar of the Shining One.
  8085 | D:6      | Found a stormy altar of Qazlal.
  8086 | D:6      | Found an ancient bone altar of Kikubaaqudgha.
  8124 | D:6      | Found a staircase to the Ecumenical Temple.
  8128 | Temple   | Entered the Ecumenical Temple
  8351 | Temple   | Became a worshipper of Warmaster Okawaru
  8537 | D:7      | Noticed Dowan
  8539 | D:7      | Noticed Duvessa
  8609 | D:7      | Killed Duvessa
  8744 | D:6      | Killed Dowan
  9277 | D:7      | Reached skill level 1 in Armour
  9366 | D:7      | Learned a level 1 spell: Confusing Touch
  9492 | D:7      | Found an opulent altar of Gozag.
  9619 | D:7      | Reached * piety under Okawaru
 10284 | D:8      | Noticed a two-headed ogre
 10578 | D:8      | Noticed a two-headed ogre
 10610 | D:8      | Killed a two-headed ogre
 10610 | D:8      | Reached ** piety under Okawaru
 10610 | D:8      | Reached XP level 10. HP: 83/83 MP: 11/13
 10866 | D:8      | Found a runed translucent gate.
 10866 | D:8      | Found a runed translucent gate.
 10866 | D:8      | Found a runed translucent gate.
 10866 | D:8      | Noticed sugabear's ghost (novice GnTm)
 10867 | D:8      | Noticed OOTN's ghost (novice TrMo)
 10919 | D:8      | Killed a two-headed ogre
 10919 | D:8      | Reached skill level 11 in Axes
 12205 | D:9      | Reached *** piety under Okawaru
 12247 | D:9      | Reached skill level 1 in Throwing
 12433 | D:9      | Found a staircase to the Lair.
 12972 | Lair:1   | Entered Level 1 of the Lair of Beasts
 12990 | D:9      | Reached XP level 11. HP: 32/92 MP: 14/14
 13606 | D:10     | Entered Level 10 of the Dungeon
 13670 | D:10     | Reached **** piety under Okawaru
 13769 | D:10     | Reached skill level 5 in Armour
 13839 | D:9      | Reached skill level 5 in Fighting
 13850 | D:10     | Found an iron altar of Okawaru.
 13871 | D:9      | Reached skill level 12 in Axes
 14241 | D:10     | Noticed a two-headed ogre
 14268 | D:10     | Killed a two-headed ogre
 14468 | D:10     | Reached ***** piety under Okawaru
 14853 | D:11     | Noticed Snorg
 14963 | Lair:1   | HP: 2/96 [spiny frog (13)]
 14965 | Lair:1   | Mangled by a crocodile

Levels and vault maps discovered:
D:1:      evilmike_arrival_run_for_it, layout_basic
D:2:      layout_basic, kennysheep_ying_yang, lemuel_crystal_altar,
          uniq_terence, uniq_robin
D:3:      layout_basic, fedhas_ov_isle_minmay, gammafunk_temple_overflow_pools
D:4:      layout_basic, nemelex_xobeh_ov_fountains_minmay, serial_shops, shop,
          shop, nicolae_shop_temple_entry_statues_fountains, shop, shop,
          first_ration, chequers_arboretum, uniq_blork_the_orc
D:5:      layout_rooms, basic_altar, glass_columns_a, serial_bayou_pond_b,
          minivault_1
D:6:      layout_rooms, gammafunk_temple_overflow_forgotten, xom_teletrap_fun,
          eat_drink_and_be_merry_uskayaw, lemuel_round_altar, temple_hall_moat,
          serial_bayou_pond_c, lemuel_flame_loot_1
D:7:      layout_basic, basic_altar, the_bakery, grunt_ministairs_6,
          hangedman_decor_lopped, uniq_duvessa
D:8:      layout_rooms, gammafunk_ghost_cemetery
D:9:      layout_loops_cross, minmay_lair_entry_grove, water_boxes_lemuel
D:10:     layout_loops_ring, okawaru_ov_weapons_minmay
D:11:     layout_roguey, uniq_sonja, uniq_snorg, uniq_erica
Temple:   jpeg_temple_island
Lair:1:   layout_regular_city, grunt_megastairs_4

Skill      XL: |  1  2  3  4  5  6  7  8  9 10 11 |
---------------+----------------------------------+-----
Axes           | 3 4 5 6 7 9 10 11 12 | 12.3
Translocations | 5 8 9 |  9.0
Armour         | 3 4 5 |  5.3
Dodging        | 2 3 |  3.6
Fighting       | 3 4 5 |  5.6
Throwing       | 1 2 |  2.0
Spellcasting   | |  2.0

Action                   |  1- 3 |  4- 6 |  7- 9 | 10-12 || total
-------------------------+-------+-------+-------+-------++-------
Melee: Hand axe          |    27 |    71 |   326 |   166 ||   590
       War axe           |       |       |       |   122 ||   122
 Fire: Hunting sling     |       |    50 |    94 |   143 ||   287
       Blowgun           |       |       |    15 |    20 ||    35
 Cast: Blink             |     3 |     2 |    28 |    69 ||   102
       Shroud of Golubri |       |       |    15 |     6 ||    21
       Teleport Other    |       |       |     8 |     9 ||    17
       Confusing Touch   |       |       |     3 |     9 ||    12
       Passage of Golubr |       |       |     3 |    10 ||    13
 Abil: Spit Poison       |    44 |    44 |   109 |   122 ||   319
  Use: Scroll            |       |       |       |    13 ||    13
       Potion            |       |       |       |     1 ||     1
 Stab: Confused          |       |       |       |     7 ||     7
  Eat: Chunk             |     5 |     7 |    12 |    20 ||    44
       Ration            |       |     1 |     4 |     7 ||    12
Armor: Leather armour    |     8 |    30 |       |       ||    38
       Ring mail         |       |       |   182 |   205 ||   387
Dodge: Dodged            |    21 |    55 |   193 |   202 ||   471

Table legend:
 A = Non-vault XP
 B = Vault XP
 C = Vault XP percentage of total XP
 D = Non-vault monster count
 E = Vault monster count
 F = Vault count percentage of total count
                 A         B        C        D         E       F
            +---------+---------+-------+---------+---------+-------
      Total |   11417 |    2428 |  17.5 |     183 |      37 |  16.8
            +---------+---------+-------+---------+---------+-------
        D:1 |      54 |      11 |  16.9 |      26 |       4 |  13.3
        D:2 |      71 |      65 |  47.8 |       9 |       9 |  50.0
        D:3 |     172 |       0 |   0.0 |      15 |       0 |   0.0
        D:4 |     902 |     100 |  10.0 |      23 |       1 |   4.2
        D:5 |     406 |      52 |  11.4 |      15 |       4 |  21.1
        D:6 |     774 |     220 |  22.1 |      21 |       3 |  12.5
        D:7 |     864 |     413 |  32.3 |      12 |       4 |  25.0
        D:8 |    2524 |       0 |   0.0 |      14 |       0 |   0.0
        D:9 |    2287 |    1567 |  40.7 |      18 |      12 |  40.0
       D:10 |    2707 |       0 |   0.0 |      24 |       0 |   0.0
     Lair:1 |     656 |       0 |   0.0 |       6 |       0 |   0.0
            +---------+---------+-------+---------+---------+-------
